 Dungeon Crawl Stone Soup version 0.17.1-3-g152610e (webtiles) character file.

289 Ponchio the Cutter (level 6, 0/37 HPs)
             Began as a Gargoyle Fighter on Feb 28, 2016.
             Slain by an ice beast (13 damage)
             ... on level 4 of the Dungeon.
             The game lasted 00:12:07 (3021 turns).

Ponchio the Cutter (Gargoyle Fighter)               Turns: 3021, Time: 00:12:07

Health: 0/37       AC: 12    Str: 19    XL:     6   Next: 31%
Magic:  6/6        EV:  7    Int:  9    God:
Gold:   155        SH: 10    Dex: 11    Spells: 0 memorised, 5 levels left

rFire  . . .     SeeInvis .     i - +4 short sword (vamp)
rCold  . . .     Clarity  .     b - +0 scale mail
rNeg   + + .     SustAt   .     c - +1 shield
rPois  ∞         Gourm    .     (no helmet)
rElec  +         Spirit   .     o - +0 cloak
rCorr  .         Warding  +     (no gloves)
rMut   .         Stasis   .     (no boots)
MR     +....                    q - amulet of warding
Stlth  ..........               (no ring)
                                v - ring of protection from magic

@: somewhat resistant to hostile enchantments, extremely unstealthy
A: negative energy resistance 1, electricity resistance, unbreathing,
petrification resistance, rot immunity, AC +4
a: no special abilities


You were on level 4 of the Dungeon.
You were not hungry.

You visited 1 branch of the dungeon, and saw 4 of its levels.

You collected 155 gold pieces.

Inventory:

Hand Weapons
 a - a +0 flail
 g - a cursed -1 mace
 i - a +4 vampiric short sword (weapon)
Armour
 b - a +0 scale mail (worn)
 c - a +1 shield (worn)
 o - a +0 cloak (worn)
Jewellery
 m - an uncursed ring of fire
 q - an amulet of warding (around neck)
 v - a ring of protection from magic (left hand)
Wands
 x - a wand of disintegration (19)
Scrolls
 f - 2 scrolls of remove curse
 j - a scroll of recharging
 t - a scroll of immolation {unknown}
Potions
 d - a potion of might
 e - a potion of haste
 h - a potion of invisibility {unknown}
 l - 2 potions of degeneration
 n - 2 potions of heal wounds
 s - a potion of flight {unknown}
 u - a potion of curing {unknown}
Comestibles
 k - 2 chunks of flesh
 p - 4 bread rations


   Skills:
 - Level 3.6 Fighting
 + Level 4.6 Short Blades
 - Level 2.0 Maces & Flails
 - Level 3.8 Armour
 - Level 3.8 Shields


You had 5 spell levels left.
You didn't know any spells.

Dungeon Overview and Level Annotations

Branches:
Dungeon (4/15)
 Temple: D:4-7

Altars:
Cheibriados
Dithmenos
Kikubaaqudgha
Okawaru
Vehumet
Zin


Innate Abilities, Weirdness & Mutations

You are resistant to torment.
Your stone body is resilient (AC +4).
You are immune to poison.
You resist negative energy.
You are resistant to electric shocks.
You can survive without breathing.
You are immune to petrification.
You are immune to rotting.


Message History

The ice beast hits you but does no damage.
You barely miss the ice beast.
The ice beast hits you but does no damage.
You closely miss the ice beast. The ice beast closely misses you.
You hit the ice beast.
The ice beast is lightly wounded.
The ice beast barely misses you.
You closely miss the ice beast.
The ice beast is lightly wounded.
You block the ice beast's attack.
You hit the ice beast.
The ice beast is lightly wounded.
The ice beast hits you but does no damage.
You closely miss the ice beast.
The ice beast is lightly wounded.
The ice beast hits you. The ice beast freezes you!
You hit the ice beast.
You feel better.
The ice beast is lightly wounded.
The ice beast hits you. The ice beast freezes you!
You die...

#.# ## ######.#####.
#.###...)........ #
#........<###.#.
.#.###..######...# ###.#
#..# #....#.. )..# #..#
#.##..(# #.###.####[.#
#.###.##
#...†@..##..###.# #...
..!...Y...........###.##
###.#####.....##......#
# ####.########.#
#.########.#
#..........#
############


You could see an ice beast.

Vanquished Creatures
  The ghost of urm the Firebug, a weakling DEFE (D:3)
  2 hounds (D:4)
  Crazy Yiuf (D:4)
  An orc wizard (D:3)
  A worker ant (D:4)
  4 gnolls
  2 adders
  A shadow imp (D:3)
  An ooze (D:3)
  4 giant geckos
  5 orcs
  5 bats
  5 giant cockroaches
  3 goblins
  4 hobgoblins
  2 quokkas
  4 giant newts
  6 kobolds
  8 rats
60 creatures vanquished.

Notes
Turn   | Place    | Note
--------------------------------------------------------------
     0 | D:1      | Ponchio the Gargoyle Fighter began the quest for the Orb.
     0 | D:1      | Reached XP level 1. HP: 14/14 MP: 1/1
   259 | D:1      | Reached XP level 2. HP: 19/19 MP: 2/2
  1248 | D:2      | Found a glowing silver altar of Zin.
  1248 | D:2      | Found a shadowy altar of Dithmenos.
  1256 | D:2      | Found a radiant altar of Vehumet.
  1256 | D:2      | Found an iron altar of Okawaru.
  1258 | D:2      | Found an ancient bone altar of Kikubaaqudgha.
  1490 | D:2      | Reached skill level 1 in Short Blades
  1490 | D:2      | Reached XP level 3. HP: 14/23 MP: 3/3
  1782 | D:3      | Found a snail-covered altar of Cheibriados.
  1890 | D:3      | Reached XP level 4. HP: 25/28 MP: 4/4
  2050 | D:3      | Noticed urm's ghost (weakling DEFE)
  2094 | D:3      | Killed urm's ghost
  2294 | D:3      | Reached XP level 5. HP: 29/32 MP: 5/5
  2854 | D:4      | Reached skill level 4 in Short Blades
  2879 | D:4      | Noticed Crazy Yiuf
  2885 | D:4      | Killed Crazy Yiuf
  2885 | D:4      | Reached XP level 6. HP: 37/37 MP: 6/6
  3002 | D:4      | Noticed an ice beast
  3021 | D:4      | Slain by an ice beast

Action                   |  1- 3 |  4- 6 || total
-------------------------+-------+-------++-------
Melee: Flail             |    11 |       ||    11
       Short sword       |   145 |   224 ||   369
  Use: Scroll            |       |    10 ||    10
  Eat: Bread ration      |     1 |       ||     1
       Chunk             |     3 |     4 ||     7
